 Dungeon Crawl Stone Soup version 0.29.1-12-g30fa7ad0bf (webtiles) character file.

Game seed: 6966100935712690972

142 DildoBatman the Conjurer (level 5, -1/57 HPs)
             Began as a Formicid Conjurer on Jan 5, 2023.
             Succumbed to an orc's poison
             ... on level 5 of the Dungeon.
             The game lasted 00:07:18 (2829 turns).

DildoBatman the Conjurer (Formicid Conjurer)        Turns: 2829, Time: 00:07:19

Health: -1/57      AC: 22    Str: 11    XL:     5   Next: 50%
Magic:  8/9        EV:  2    Int: 20    God:
Gold:   158        SH:  0    Dex: 12    Spells: 7/10 levels left

rFire   . . .      SeeInvis .   a - +0 sling
rCold   . . .      Faith    .   (no shield)
rNeg    . . .      Spirit   .   (body armour currently unavailable)
rPois   +          Reflect  .   (helmet unavailable)
rElec   .          Harm     .   (cloak currently unavailable)
rCorr   .          Rampage  .   (gloves currently unavailable)
Will    .....                   (boots currently unavailable)
Stlth   ++........              (no amulet)
HPRegen 0.19/turn               (no ring)
MPRegen 0.11/turn               (no ring)

@: lethally poisoned (-1 -> -7), tree-form, invisible
A: stationary, stasis, torment immunity, boosted hp, permanent stasis, dig
shafts and tunnels, (antennae 3), four strong arms
a: no special abilities


You were on level 5 of the Dungeon.
You were a tree.
You visited 1 branch of the dungeon, and saw 5 of its levels.

You collected 158 gold pieces.

Inventory:

Hand Weapons
 a - a +0 sling (weapon)
 d - a +2 vorpal falchion
Missiles
 g - 25 stones
 j - 2 throwing nets
 w - 6 poisoned darts
Armour
 f - a +0 tower shield
 h - a +0 robe (melded)
Magical Staves
 b - a staff of conjuration
Scrolls
 c - 2 scrolls of enchant weapon {unknown}
 e - 3 scrolls of vulnerability {unknown}
 k - a scroll of immolation {unknown}
 l - 2 scrolls of identify {unknown}
 m - a scroll of brand weapon {unknown}
 n - a scroll of noise {unknown}
 q - a scroll of teleportation {unknown}
Potions
 i - a potion of magic
 o - a potion of might {unknown}
 r - a potion of heal wounds {unknown}
 s - a potion of brilliance {unknown}
 t - a potion of curing {unknown}
 v - a potion of resistance {unknown}
 x - a potion of degeneration {unknown}


   Skills:
 * Level 2.2 Fighting
 * Level 2.3 Armour
 - Level 2.0 Dodging
 - Level 2.4 Stealth
 * Level 3.2 Spellcasting
 * Level 4.2 Conjurations


You had 7 spell levels left.
You knew the following spells:

 Your Spells              Type           Power      Damage    Failure   Level
a - Searing Ray           Conj           40%        2d5       3%          2
c - Magic Dart            Conj           80%        1d7       2%          1

Your spell library contained the following spells:

 Spells                   Type           Power      Damage    Failure   Level
 Dazzling Flash           Conj/Hex       22%        N/A       17%         3
 Fulminant Prism          Conj/Hex       5%         3d7       50%         4
 Iskenderun's Mystic Bla  Conj/Tloc      11%        2d4       50%         4
 Anguish                  Hex/Necr       1%         N/A       80%         4
 Enfeeble                 Hex            1%         N/A       100%        7


Dungeon Overview and Level Annotations

Branches:
Dungeon (5/15)
 Temple: D:4-7

Altars:
Elyvilon

Shops:
D:4 (

Annotations:
D:2 1 runed translucent door, 1 exclusion
D:4 3 runed translucent doors, exclusion: player ghost, Blork the orc; Dowan; Duvessa; Merkmiralles's ghost, amateur MiBe; grerr's ghost, amateur FoFi


Innate Abilities, Weirdness & Mutations

You are a tree.
Your roots penetrate the ground, keeping you stationary.
You cannot be teleported.
You are immune to unholy pain and torment.
Your maximum health is greatly increased.
Your equipment is partially melded.
You cannot be hasted, slowed, berserked, paralysed or teleported.
You can dig through walls and to a lower floor.
((You have a pair of large antennae on your head. (SInv)))
Your four strong arms can wield two-handed weapons with a shield.


Message History

You feel sick.
The orc wizard shouts!
You hear a shout!
Blork the orc shouts!
You hear a shout! 2 orcs come into view.
You feel sick.
The orc shouts!
Blork the orc zaps a wand.
The puff of flame hits you!
An orc comes into view. It is wielding a +0 falchion.
You feel sick.
You are no longer poisoned.
There is an escape hatch in the floor here.
The orc shouts!
The orc hits you with a +2 hand axe of venom!
You are lethally poisoned!
You slide downwards.
The hatch slams shut behind you.
You feel very sick.
The orc shouts!
You hear a shout!
Found a glowing fluorescent wand.
Found a stone staircase leading down.
Casting: Searing Ray (safe; 3% risk of failure)
Confirm with . or Enter, or press ? or * to list all spells.
Aiming: Magic Dart (safe; 2% risk of failure)
Press: ? - help, Shift-Dir - straight line, f - orc
Aim: an orc, wielding a +2 hand axe of venom (100% to hit)
The magic dart hits the orc.
You kill the orc!
You feel sick.
It was a potion of lignification.
You turn into a tree.
Your +0 robe melds into your body.
Your roots penetrate the ground.
You feel sick.
It was a potion of invisibility.
You fade into invisibility!
You die...

#.>...#
#.....#
#....o+
#.....#
#.....#
#.....#
#.)...#
#♣....#
#......#
#......#
#......#
##.....#
#.....#
......#
./....#


You could see an orc (unable to see you).

Vanquished Creatures
  4 adders
  2 worms (D:2)
  A dart slug (D:3)
  9 orcs
  3 ball pythons
  9 endoplasms
  7 giant cockroaches
  3 goblins
  7 hobgoblins
  11 jackals
  6 kobolds
  3 quokkas
  6 bats
  2 frilled lizards (D:1)
  7 rats
80 creatures vanquished.

Notes
Turn   | Place    | Note
-------+----------+-------------------------------------------
     0 | D:1      | DildoBatman the Formicid Conjurer began the quest for the
                  | Orb.
     0 | D:1      | Reached XP level 1. HP: 13/13 MP: 3/3
   388 | D:1      | Reached XP level 2. HP: 18/20 MP: 3/5
   391 | D:1      | Learned a level 2 spell: Searing Ray
   587 | D:1      | You fall into a shaft and drop 1 floor!
   615 | D:2      | Reached skill level 1 in Armour
   630 | D:2      | Found a white marble altar of Elyvilon.
   634 | D:2      | Reached skill level 1 in Fighting
   634 | D:2      | Reached XP level 3. HP: 26/26 MP: 3/6
  1223 | D:2      | Reached XP level 4. HP: 29/32 MP: 3/8
  1289 | D:2      | Found a runed translucent door.
  1494 | D:2      | Reached skill level 4 in Conjurations
  2153 | D:3      | Reached XP level 5. HP: 38/38 MP: 7/9
  2522 | D:4      | Noticed Duvessa
  2523 | D:4      | Noticed Dowan
  2751 | D:4      | Found Janemom's Weapon Emporium.
  2781 | D:4      | Found a runed translucent gate.
  2782 | D:4      | Found a runed translucent gate.
  2784 | D:4      | Found a runed translucent gate.
  2785 | D:4      | Noticed Merkmiralles's ghost (amateur MiBe)
  2786 | D:4      | Noticed grerr's ghost (amateur FoFi)
  2816 | D:4      | Noticed Blork the orc
  2826 | D:5      | Entered Level 5 of the Dungeon
  2828 | D:5      | HP: 1/57 [poisoned by an orc]
  2829 | D:5      | Succumbed to an orc's poison

Illustrated notes

Levels and vault maps discovered:
D:1:      lemuel_arrival_cross, layout_basic
D:2:      layout_rooms, basic_altar, grunt_decor_fettered, nrook_mini_vaults,
          uniq_crazy_yiuf_cottage
D:3:      layout_loops_corners, dk_vineyard_1
D:4:      layout_cave_pools, mainiacjoe_overflow_alcove_1,
          gammafunk_ghost_cemetery, serial_shops, nicolae_shop_trees,
          uniq_blork_the_orc, uniq_duvessa
D:5:      layout_gridville

Skill      XL: |  1  2  3  4 |
---------------+-------------+-----
Dodging        | 2 |  2.0
Armour         | 1 2 |  2.3
Fighting       | 1 2 |  2.2
Conjurations   | 4 |  4.2
Spellcasting   | 3 |  3.2
Stealth        | |  2.4

Action                   |  1- 3 |  4- 6 || total
-------------------------+-------+-------++-------
Melee: Unarmed           |    20 |       ||    20
       Dagger            |     1 |       ||     1
       Staff             |       |     3 ||     3
       Falchion          |       |     3 ||     3
 Fire: Sling             |    40 |    74 ||   114
 Cast: Magic Dart        |    37 |     4 ||    41
       Searing Ray       |     5 |    14 ||    19
  Use: Potion            |       |     2 ||     2
 Stab: Sleeping          |     1 |       ||     1
Armor: Robe              |    10 |     7 ||    17
Dodge: Dodged            |    47 |    21 ||    68
